Cogmind - Beta 15 @@@ ROGUE MODE // 2025.06.18 @ 20:17:18 Player: Storm Mk9 Result: Self-destructed Performance ------------- Evolutions (2) 1000 Regions Visited (4) 800 Robots Destroyed (20) 100 Value Destroyed (544) 544 Prototype IDs (4) 80 Alien Tech Used (0) 0 Bonus (225) 225 TOTAL SCORE: 2749 Bonus ------- Follower Combat Kills 253 Friendly Fire -28 Cogmind --------- Core Integrity 486/550 Matter 276/300 Energy 250/250 System Corruption 0% Temperature Cool (0) Movement Treading (160) Location -8/Materials Parts ------- > --- POWER (1) -------- Ion Engine > --- PROPULSION (3) --- Light Treads Light Treads Light Treads > --- UTILITY (5) ------ Heat Sink Large Storage Unit > --- WEAPON (2) ------- Small Laser Light Assault Rifle > --- INVENTORY (15) --- Ion Engine Light Ion Engine Light Treads High-capacity Matter Pod (200) Heavy Explosive Trap Heavy Explosive Trap Heavy Explosive Trap Heavy Explosive Trap Peak State ------------ > --- POWER ------------ Light Nuclear Core > --- PROPULSION ------- Light Treads Light Treads > --- UTILITY ---------- Small Storage Unit Seismic Detector > --- WEAPON ----------- Medium Laser Assault Rifle > --- INVENTORY -------- Ion Engine Light Ion Engine Light Treads Light Treads Light Treads Light Treads High-capacity Matter Pod EM Pulse Gun [Rating: 9] Favorites ----------- Power Ion Engine Engine Ion Engine Power Core Light Nuclear Core Propulsion Light Treads Treads Light Treads Utility Heat Sink Device Heat Sink Storage Large Storage Unit Weapon Light Assault Rifle Energy Gun EM Pulse Gun Ballistic Gun Light Assault Rifle Build | -11 -10 -10 -10 -8 ------- Run | Yrd Mat Min Sub Mat Slots Evolved 4 | . . . . 4 Power . | . . . . . Propulsion 1 | . . . . 1 Utility 3 | . . . . 3 Weapon . | . . . . . Parts Attached 18 | 7 9 . . 2 Power 4 | 1 3 . . . Engine 3 | 1 2 . . . Core 1 | . 1 . . . Reactor . | . . . . . Propulsion 5 | 2 2 . . 1 Treads 5 | 2 2 . . 1 Leg . | . . . . . Wheel . | . . . . . Hover . | . . . . . Flight . | . . . . . Utility 4 | 2 2 . . . Device 2 | 1 1 . . . Storage 2 | 1 1 . . . Processor . | . . . . . Hackware . | . . . . . Protection . | . . . . . Artifact . | . . . . . Weapon 5 | 2 2 . . 1 Energy Gun 3 | 1 1 . . 1 Energy Cannon . | . . . . . Ballistic Gun 2 | 1 1 . . . Ballistic Cannon . | . . . . . Launcher . | . . . . . Special Weapon . | . . . . . Impact Weapon . | . . . . . Slashing Weapon . | . . . . . Piercing Weapon . | . . . . . Special Melee Weapon . | . . . . . Unidentified Prototypes . | . . . . . Parts Lost 7 | . 5 . . 2 Power 1 | . 1 . . . Propulsion 2 | . 2 . . . Utility 1 | . 1 . . . Weapon 3 | . 1 . . 2 Highest Loss Streak 3 | . 3 . . 1 To Critical Strikes . | . . . . . Average Backups 6 | 2 6 7 7 5 Power 1 | . 1 2 2 2 Propulsion 2 | . 2 2 2 1 Utility . | . . 1 1 1 Weapon 1 | 1 1 2 2 1 Tool/Special . | . . . . . Unused Backups 4 | . 1 . . 3 Power 1 | . . . . 1 Propulsion 1 | . . . . 1 Utility 2 | . 1 . . 1 Weapon . | . . . . . Tool/Special . | . . . . . Average Slot Usage (%) 94 | . 98 100 100 72 Engine 12 | . 13 14 14 9 Treads 27 | . 27 28 28 27 Device 12 | . 13 14 14 9 Storage 13 | . 14 14 14 9 Energy Gun 12 | . 13 14 14 8 Ballistic Gun 13 | . 14 14 14 9 Peak Build Rating 9 | 7 9 8 8 9 Average Rating 7 | 5 7 7 8 8 On Entrance 6 | . 7 7 8 8 Naked Turns . | . . . . . Heaviest Build 29 | 13 29 29 29 29 Greatest Support 60 | 40 40 40 40 60 Greatest Overweight (x) . | . . . . . Average Overweight (x) . | . . . . . Largest Inventory Capacity 15 | 8 15 15 15 15 Average Capacity 12 | 7 8 15 15 15 Most Carried 11 | 5 8 11 11 10 Average Carried 8 | 2 6 9 11 9 Final Capacity 15 | 8 15 15 15 15 Final Carried 11 | 2 7 11 11 8 Class Distribution -------------------- 100% | Mutant Dominant Class ---------------- Mutant | -10/Materials Mutant | -10/Mines Mutant | -10/Subcaves Mutant | -8/Materials Resources | -11 -10 -10 -10 -8 ----------- Run | Yrd Mat Min Sub Mat Matter Collected 735 | 285 405 . . 45 Remotely . | . . . . . Salvage Created 715 | 71 542 . . 102 Parts 39 | 2 35 . . 2 Haulers Intercepted . | . . . . . Recyclers Shooed 1 | . . . . 1 Parts Field Recycled . | . . . . . Retrieved Matter . | . . . . . Parts Self-Destructed . | . . . . . Prevented . | . . . . . Kills | -11 -10 -10 -10 -8 ------- Run | Yrd Mat Min Sub Mat Combat Hostiles Destroyed 18 | . 16 . . 2 Guns 18 | . 16 . . 2 Classes Destroyed 4 | 2 2 . . . Tunneler 1 | 1 . . . . Recycler 1 | 1 . . . . Swarmer 5 | . 5 . . . Grunt 13 | . 11 . . 2 Best Kill Streak 3 | 2 3 . . 1 Combat Bots Only 3 | . 3 . . 1 Max Kills in Single Turn 2 | 1 2 . . 1 Gunslinging . | . . . . . Exploded . | . . . . . Melee . | . . . . . Uniques/NPCs Destroyed . | . . . . . Combat | -11 -10 -10 -10 -8 -------- Run | Yrd Mat Min Sub Mat Hostile Shots Fired 147 | . 122 . . 25 Missed 39 | . 30 . . 9 Hits 108 | . 92 . . 16 Projectile 108 | . 92 . . 16 Critical Strikes 2 | . . . . 2 Damage Taken 1159 | . 919 . . 240 Core 233 | . 169 . . 64 Absorbed by Shields . | . . . . . Core Remaining (%) 66 | 100 . . 32 . Volleys Fired 75 | 5 47 . . 23 Largest 2 | 2 2 . . 2 Hottest 70 | 70 70 . . 60 Shots Fired 149 | 10 93 . . 46 Gun 149 | 10 93 . . 46 Cannon . | . . . . . Launcher . | . . . . . Special . | . . . . . Kinetic 84 | 5 49 . . 30 Thermal 42 | 5 30 . . 7 Explosive . | . . . . . Electromagnetic 23 | . 14 . . 9 Robot Hit Streak 8 | 5 8 . . 8 Robot Miss Streak 8 | 1 8 . . 4 Penetration Max . | . . . . . Secondary Targets 2 | . 1 . . 1 Max Gunslinging Chain 1 | . 1 . . 1 Shots Hit Robots 89 | 8 51 . . 30 Core Hits 47 | 3 26 . . 18 Critical Kills . | . . . . . Critical Parts Destroyed . | . . . . . Critical Strikes 3 | . 3 . . . Burn 3 | . 3 . . . Melee Attacks . | . . . . . Impact . | . . . . . Slashing . | . . . . . Piercing . | . . . . . Sneak Attacks . | . . . . . Combat Hostiles . | . . . . . Follow-up Attacks . | . . . . . Damage Inflicted 1134 | 98 681 . . 355 Guns 1134 | 98 681 . . 355 Cannons . | . . . . . Explosions . | . . . . . Melee . | . . . . . Ramming . | . . . . . Kinetic 574 | 49 332 . . 193 Thermal 314 | 49 198 . . 67 Explosive . | . . . . . Electromagnetic 246 | . 151 . . 95 Impact . | . . . . . Slashing . | . . . . . Piercing . | . . . . . Highest Corruption 1 | . 1 1 1 . Average Corruption 1 | . 1 1 1 . Corruption Purged . | . . . . . Corruption Blocked . | . . . . . Effects 10 | . 3 7 . . Message Errors 2 | . . 2 . . Matter Fused 3 | . 3 . . . Heat Flow Errors 2 | . . 2 . . Energy Discharges 2 | . . 2 . . Data Loss (minor) 1 | . . 1 . . Overload Shots . | . . . . . Overflow Damage . | . . . . . Projectiles . | . . . . . Explosions . | . . . . . Melee . | . . . . . Knockbacks . | . . . . . Impact . | . . . . . Kinetic . | . . . . . Secondary . | . . . . . Self-Inflicted Damage . | . . . . . Shots . | . . . . . Rammed . | . . . . . Targets Rammed . | . . . . . Kicked . | . . . . . Crushed . | . . . . . Highest Temperature 261 | 27 261 204 . 21 Average Temperature 72 | 12 83 90 . 7 Received Heat Transfer 492 | . 348 . . 144 Effects 2 | . 2 . . . Interference 2 | . 2 . . . Siege Activations . | . . . . . Martial Activations . | . . . . . Shielding Activations . | . . . . . Robots Disrupted . | . . . . . Combat Hostiles . | . . . . . Robots Corrupted . | . . . . . Combat Hostiles . | . . . . . Parts Fried . | . . . . . Impact Corruptions . | . . . . . Robots Melted . | . . . . . Combat Hostiles . | . . . . . Parts Melted 5 | 2 2 . . 1 Heat Transferred 1112 | 148 814 . . 150 Parts Sabotaged . | . . . . . Parts Stolen . | . . . . . Parts Stripped . | . . . . . Power Chain Reactions . | . . . . . Alert | -11 -10 -10 -10 -8 ------- Run | Yrd Mat Min Sub Mat Maximum Alert Level . | . . . . . Low Security (%) 100 | 100 100 100 . 100 Level 1 . | . . . . . Level 2 . | . . . . . Level 3 . | . . . . . Level 4 . | . . . . . Level 5 . | . . . . . High Security . | . . . . . Max Security . | . . . . . Peak Influence 175 | 5 175 33 . 152 Initial 33 | . . 33 . . Average 44 | 1 88 1 . 34 Influence Increases 719 | 10 447 . . 262 Destroy 0b10 Robot/C 500 | . 320 . . 180 Destroy 0b10 Robot/NC 25 | 10 . . . 15 Destroy Leader 94 | . 60 . . 34 Allied During Kill 11 | . . . . 11 Successful Hack 29 | . 22 . . 7 Lose Combat Pursuer 60 | . 45 . . 15 Influence Decreases 577 | 10 362 85 . 120 Entered New Map 52 | . . 52 . . Time Decay 435 | 10 312 33 . 80 Lost Part 70 | . 50 . . 20 Lost Ally 20 | . . . . 20 Squads Dispatched 5 | . 4 . . 1 Investigation 2 | . 2 . . . Extermination . | . . . . . Reinforcement 3 | . 2 . . 1 Assault . | . . . . . Garrison . | . . . . . Intercept . | . . . . . Searches Triggered . | . . . . . Construction Impeded . | . . . . . Haulers Reinforced . | . . . . . Active Scanning Responses . | . . . . . Cargo Convoy Interrupts . | . . . . . Stealth | -11 -10 -10 -10 -8 --------- Run | Yrd Mat Min Sub Mat Distress Signals 2 | . 1 . . 1 Communications Jammed . | . . . . . Distress Signals . | . . . . . Times Spotted 42 | . 25 . . 17 Peak Tracking Total 8 | . 8 . . 5 Tactical Retreats 3 | . 2 . . 1 Traps | -11 -10 -10 -10 -8 ------- Run | Yrd Mat Min Sub Mat Traps Triggered 3 | . 3 . . . Indirectly . | . . . . . Trap Hack Attempts . | . . . . . Triggered . | . . . . . Disarmed . | . . . . . Reprogrammed . | . . . . . Reused . | . . . . . Traps Extracted . | . . . . . Installed . | . . . . . Triggered . | . . . . . Most Traps Carried 4 | . . 4 4 4 Machines | -11 -10 -10 -10 -8 ---------- Run | Yrd Mat Min Sub Mat Machines Disabled . | . . . . . Max in Single Turn . | . . . . . Garrison Access 1 | . . . . 1 Machines Repaired . | . . . . . Machines Dismantled . | . . . . . Machines Sabotaged . | . . . . . Overloaded Fab Kills . | . . . . . Hacking | -11 -10 -10 -10 -8 --------- Run | Yrd Mat Min Sub Mat Machines Accessed 7 | . 5 . . 2 Terminals 6 | . 5 . . 1 Fabricators . | . . . . . Repair Stations . | . . . . . Recycling Units . | . . . . . Scanalyzers . | . . . . . Garrison Access 1 | . . . . 1 Total Hacks 13 | . 9 . . 4 Successful 6 | . 4 . . 2 Failed 7 | . 5 . . 2 Catastrophic 4 | . 3 . . 1 Database Lockouts . | . . . . . Manual 8 | . 7 . . 1 Terminals 11 | . 9 . . 2 Fabricators . | . . . . . Repair Stations . | . . . . . Recycling Units . | . . . . . Scanalyzers . | . . . . . Garrison Access 2 | . . . . 2 Terminal Hacks 5 | . 4 . . 1 Robot Analysis 2 | . 2 . . . Prototype ID Bank 2 | . 2 . . . Branch Access Points 1 | . . . . 1 Fabricator Hacks . | . . . . . Repair Station Hacks . | . . . . . Recycling Unit Hacks . | . . . . . Scanalyzer . | . . . . . Garrison Access Hacks 1 | . . . . 1 Seal Access 1 | . . . . 1 Unauthorized Hacks . | . . . . . Terminals . | . . . . . Fabricators . | . . . . . Repair Stations . | . . . . . Recycling Units . | . . . . . Scanalyzers . | . . . . . Garrison Access . | . . . . . Data Cores Recovered . | . . . . . Used . | . . . . . Hacking Detections 7 | . 5 . . 2 Full Trace Events . | . . . . . Feedback Events . | . . . . . Feedback Blocked . | . . . . . Robot Schematics Acquired . | . . . . . Robots Built . | . . . . . Authchips . | . . . . . Time . | . . . . . Total Robot Build Rating . | . . . . . Part Schematics Acquired . | . . . . . Parts Built . | . . . . . Authchips . | . . . . . Time . | . . . . . Total Part Build Rating . | . . . . . Parts Repaired . | . . . . . Time . | . . . . . Parts Recycled . | . . . . . Recycled Matter . | . . . . . Retrieved Matter . | . . . . . Retrieved Components . | . . . . . Parts Scanalyzed . | . . . . . Part Schematics Acquired . | . . . . . Parts Damaged . | . . . . . Bothacking | -11 -10 -10 -10 -8 ------------ Run | Yrd Mat Min Sub Mat Used RIF Installer . | . . . . . Robots Hacked . | . . . . . Non-combat . | . . . . . Combat . | . . . . . Robot Hacks Applied . | . . . . . Relay Couplers Released . | . . . . . Fabnet Peak Effective % . | . . . . . Robots Rewired . | . . . . . Allies Hacked . | . . . . . Hacks Repelled . | . . . . . Allies | -11 -10 -10 -10 -8 -------- Run | Yrd Mat Min Sub Mat Total Allies 2 | . . 2 . . Largest Group 2 | . . 2 2 2 Highest-Rated Group 45 | . . 45 45 45 Highest-Rated Ally 31 | . . 31 31 31 Total Orders . | . . . . . Ally Attacks 39 | . . . . 39 Total Damage 631 | . . . . 631 Kills 10 | . . . . 10 Allies Corrupted . | . . . . . Allies Melted . | . . . . . Intel | -11 -10 -10 -10 -8 ------- Run | Yrd Mat Min Sub Mat Active Infowar (turns) 351 | 45 306 . . . Seismic 351 | 45 306 . . . Robot Analysis Total 2 | . 2 . . . Derelict Logs Recovered 3 | . . 3 . . Drone Launches . | . . . . . Drone Recoveries . | . . . . . Exploration | -11 -10 -10 -10 -8 ------------- Run | Yrd Mat Min Sub Mat Turns Passed 2495 | 114 1028 829 136 388 Spaces Moved 1301 | 50 494 497 74 186 Core 3 | 3 . . . . Treads 1298 | 47 494 497 74 186 Legs . | . . . . . Wheels . | . . . . . Hover . | . . . . . Flight . | . . . . . Fastest Speed 50 | 50 160 160 160 160 Average Speed 159 | 153 160 160 160 160 Slowest Speed 160 | 160 160 160 160 160 Overloaded Moves . | . . . . . Propulsion Burnouts . | . . . . . Robots Hopped . | . . . . . Potential Cave-ins . | . . . . . Cave-ins Triggered . | . . . . . Exploration Rate (%) 43 | 4 87 90 12 22 Regions Visited 4 Branch Regions 2 Pre-discovered Areas 2 | . . 2 . . Known Exits Taken . | . . . . . Unknown Exits Taken 4 | 1 1 1 1 . Scrap Searched 1 | . . 1 . . Spaces Dug . | . . . . . Terrain Destroyed . | . . . . . Melee . | . . . . . Projectile . | . . . . . AOE . | . . . . . Terrain Rammed . | . . . . . Walls Destroyed . | . . . . . Machines Disabled . | . . . . . Actions | -11 -10 -10 -10 -8 --------- Run | Yrd Mat Min Sub Mat Total 1577 | 77 642 531 92 235 Wait 158 | 7 78 31 19 23 Move 1297 | 49 493 496 73 186 Hop . | . . . . . Pick Up 25 | 9 12 4 . . Fast Attach . | . . . . . Attach 15 | 7 5 . . 3 Detach . | . . . . . Swap 4 | . 4 . . . Drop 3 | . 3 . . . Fire 75 | 5 47 . . 23 Melee . | . . . . . Ram . | . . . . . Kick . | . . . . . Crush . | . . . . . Escape Stasis . | . . . . . Rewire . | . . . . . Trap . | . . . . . Miscellaneous . | . . . . . Route ------- -11/Scrapyard -10/Materials (discovered 3 exits: [*Mat x2] / [*Min]) -10/Mines (discovered 4 exits: [*Mat x2] / [*Exi] / [*Sub]) -10/Subcaves -8/Materials History --------- Turn | Location | Event 31 | -11/Scrapyard | Discovered new exit (range 16) 115 | -11/Scrapyard | Entered Materials 306 | -10/Materials | Build established: Mutant 457 | -10/Materials | Core integrity fell below 50% 473 | -10/Materials | Lost 3 parts (1p1n1u) 574 | -10/Materials | Discovered new exit (range 16) 718 | -10/Materials | Discovered new exit (range 11) 988 | -10/Materials | Discovered new exit (range 9) 1143 | -10/Materials | Entered Mines 1144 | -10/Mines | Learned location of Storage (-9) 1192 | -10/Mines | Met a Derelict bent on vengeance 1363 | -10/Mines | Found a hidden stash of uninstalled traps 1384 | -10/Mines | Discovered new exit (range 11) 1536 | -10/Mines | Learned Materials emergency access door positions 1665 | -10/Mines | Discovered new exit (range 3) 1694 | -10/Mines | Learned Materials interactive machine intel 1760 | -10/Mines | Deemed a non-threat by the Exiles lab entrance 1760 | -10/Mines | Discovered new exit (range 5) 1958 | -10/Mines | Discovered new exit (range 5) 1972 | -10/Mines | Entered Subcaves 1972 | -10/Subcaves | Accompanied by 2 allies 1973 | -10/Subcaves | Approached by a straggling Scientist 1977 | -10/Subcaves | Led the pair of lost Derelicts to an unsafe place 2006 | -10/Subcaves | A swath of the cavern ceiling suddenly collapsed 2080 | -10/Subcaves | Discovered new exit (range 14) 2108 | -10/Subcaves | Entered Materials 2108 | -8/Materials | Accompanied by 2 allies 2108 | -8/Materials | Evolved 4 slots: Propulsion x1, Utility x3 2110 | -8/Materials | Loaded intel: 19 interactive machine locations 2496 | -8/Materials | Self-destructed Last Messages --------------- 02454_ K-01 Serf collects debris. 02456_ R-06 Scavenger collects Particle Gun. 02460_ R-06 Scavenger collects Aluminum Leg. 02463_ Acquired 12 matter. 02466_ K-01 Serf collects debris. 02471_ G-50 Soldier destroyed. 02474_ K-01 Serf collects debris. 02474_ Assault Rifle destroyed. 02478_ K-01 Serf collects debris. 02479_ U-05 Engineer destroyed. 02481_ K-01 Serf collects debris. 02485_ G-47 Trooper destroyed. 02485_ K-01 Serf collects debris. 02486_ NW-CU9(g) destroyed. 02488_ Critical hit (Burn: +37). 02489_ K-01 Serf collects debris. 02490_ Critical hit (Burn: +37). 02492_ K-01 Serf collects debris. 02494_ Particle Gun melted. 02494_ G-47 Trooper destroyed. Map ----- +----------------------------------------------------+ | ?????????????????????????????????????????????????? | | ?????????????????????????????????????????????????? | | ?????????????????????????????????????????????????? | | ?????????????????????????????????????????????????? | | ?????????????????????????????????????????????????? | | ?????????????????????????????????????????????????? | | ?????????????????????????????????????????????????? | | ?????????????????????????????????????????????????? | | ????"????????????????????????????????????????????? | | ????T????????????????????????????????????????????? | | ????"????????????????????????????????????????????? | | ?????????????????????????????????????????????????? | | ??"""????????????????????????????????????????????? | | ??"R?????????????????????????????????????????????? | | ??"""??????????????????######????????????????????? | | ??????????????????????? ?????????????????????? | | ??????????????????????? ?????????????????????? | | ??????????????????????? w?????????????????????? | | ???????????????######### #?????????????????????? | | ???????????????# #|=m#?????????????????????? | | ???????????????# """ #=%!#?????????????????????? | | ???????????????#"" """ #%[k#?????????????????????? | | ????? ! ""????#"T """ # %#?????????????????????? | | ????? """???#"" #= #?????????????????????? | | ????? ??# !#%[ #?????????????????????? | | ????# #####+####=@=##?????"""????????????? | | ???? ! %%= #??????R"????????????? | | ?T?? *% #?????"""????????????? | | ???? #????????????????????? | | ?????#"T"#########% #### #????????????????????? | | ?????????????????# % #??# #????????????????????? | | ?????????????????# =#??# #????????????????????? | | ??????????######## % #??# #????????????????????? | | ??????????# #??#u ????????????????????? | | ########### #??? ???????????????????? | | """ ## #??? ??????????????????? | | """ ## %########??? ####?????????????????? | | """ ## #?????????? #????????????????????? | | ## #?????????? #????????????????????? | | """ ## #?????????? +????????????????????? | | G" ## #?????????? #????????????????????? | | """ ## #??????????????????????????????????? | | ##% #??????????????????????????????????? | | ##+######## #??????????????????????????????????? | | % #??????????????????????????????????? | | % #??????????????????????????????????? | | ########### ########???????????????????????????? | | ??????????# #???????????????????????????? | | ????????# #???????????????????????????? | | " #???????# #???????????????????????????? | +----------------------------------------------------+ Best States ------------- Heat Dissipation 41 Energy Generation 14 Energy Capacity 250 Matter Stores 300 Matter Capacity 300 Sight Range 16 Terrain Scan Density 10 Evasion (%) 40 Recoil Reduction 3 Item Schematics ----------------- None Robot Schematics ------------------ None Fabricated ------------ Nothing Repaired ---------- Nothing Alien Tech Used ----------------- None Achievements -------------- None Challenges ------------ None Game ------ Seed ComponentVortexWarhead Manual? 0 Play Time 00:18:07 Cumulative 70.8 hours Start 2025.06.18 @ 19:33:33 End 2025.06.18 @ 20:17:18 Sessions 1 Manual Loads 0 Difficulty Rogue Special Mode None Game No. 64 Rogue 45 Adventurer 0 Explorer 19 Win Type - Total 0 Types 0/0/0/0/0/0/0/0/0/0 Lore% 53 Gallery% 43 Achievement% 68 Wizard Run 0 Options --------- Layout 1 ASCII 0 Keyboard 0 Movement Mouse Keybinds 0 Fullscreen 2 Font 16/SmallcapsGlow Map View 50x40 Zoom Use 0% Tactical HUD 1 Map Filters NONE Filters NONE Steam SD RUN: f0a8feb6-ef3a-4d0a-86a3-c088a40ceaab